 Dungeon Crawl Stone Soup version 0.18.1-6-gd335043 (webtiles) character file.

30 M4edhros the Grave Robber (level 3, -3/21 HPs)
             Began as an Octopode Necromancer on May 18, 2016.
             Slain by a worker ant (6 damage)
             ... on level 4 of the Dungeon.
             The game lasted 00:04:51 (518 turns).

M4edhros the Grave Robber (Octopode Necromancer)     Turns: 518, Time: 00:04:51

Health: -3/21      AC:  1    Str:  7    XL:     3   Next: 20%
Magic:  3/6        EV: 12    Int: 17    God:
Gold:   45         SH:  0    Dex: 13    Spells: 3 memorised, 1 level left

rFire  . . .     SeeInvis .     (no weapon)
rCold  . . .     Gourm    .     (no shield)
rNeg   . . .     Faith    +     (helmet restricted)
rPois  .         Spirit   .     c - amulet of faith
rElec  .         Dismiss  .     (no ring)
rCorr  .         Reflect  .     (no ring)
SustAt .         Harm     .     (no ring)
MR     .....                    (no ring)
Stlth  +++.......               (no ring)
                                (no ring)
                                (no ring)
                                (no ring)

@: lethally poisoned (-3 -> -8), flying, not resistant to hostile enchantments,
fairly stealthy
A: almost no armour, amphibious, 8 rings, constrict 8, camouflage 1, gelatinous
body 1
a: no special abilities


You were on level 4 of the Dungeon.
You were not hungry.

You visited 1 branch of the dungeon, and saw 4 of its levels.

You collected 45 gold pieces.

Inventory:

Jewellery
 c - an amulet of faith (around mantle)
Scrolls
 f - a scroll of immolation {unknown}
 g - a scroll of amnesia {unknown}
 i - a scroll of identify {unknown}
Books
 a - a book of Necromancy

   Spells                             Type                      Level
   a - Pain                           Necromancy                   1
   b - Animate Skeleton               Necromancy                   1
   c - Vampiric Draining              Necromancy                   3
   d - Regeneration                   Charms/Necromancy            3
   e - Animate Dead                   Necromancy                   4
   f - Control Undead                 Necromancy                   4
Comestibles
 b - 2 bread rations
 d - a slice of pizza
 h - 2 chunks of flesh


   Skills:
 + Level 2.0 Dodging
 + Level 2.8 Stealth
 + Level 2.4 Spellcasting
 + Level 4.6 Necromancy


You had one spell level left.
You knew the following spells:

 Your Spells              Type           Power        Failure   Level  Hunger
a - Pain                  Necr           ###.         2%          1    #......
b - Animate Skeleton      Necr           N/A          2%          1    #......
r - Regeneration          Chrm/Necr      ##........   24%         3    ###....


Dungeon Overview and Level Annotations

Branches:
Dungeon (4/15)
 Temple: D:4-7

Altars:


Innate Abilities, Weirdness & Mutations

You cannot wear most types of armour.
You are amphibious.
You can wear up to eight rings at the same time.
You can use your tentacles to constrict eight enemies at once.
Your skin changes colour to match your surroundings (Stealth).
Your rubbery body absorbs attacks (AC +1).


Message History

The worker ant waves its antennae.
The worker ant bites you.
* * * LOW HITPOINT WARNING * * *
You are poisoned.
The worker ant poisons you!
You tentacle-slap the worker ant but do no damage.
The worker ant is moderately wounded.
You constrict the worker ant.
You feel sick. The worker ant closely misses you.
You tentacle-slap the worker ant but do no damage.
The worker ant is heavily wounded.
You constrict the worker ant. The worker ant closely misses you.
You tentacle-slap the worker ant but do no damage.
The worker ant is heavily wounded.
You constrict the worker ant.
You feel sick. The worker ant barely misses you.
You tentacle-slap the worker ant but do no damage.
The worker ant is severely wounded.
Your skin stops crawling.
You constrict the worker ant, but do no damage.
The worker ant bites you.
You die...

#..........#
#.#######.# #.#
#.###....#.#
#.......Z.# #.# ##.#
##.#.#.# ###########
#Z# .#.# #.#.#.#
#.### ...####.#.#.#
#.... .....##...#.#
##### ........###.#
.#..#.#.###.########
...###..........@..#
....#.#.#.....###a#.#
...#..........Zs.##
...####.#.....###?# #
#......).....## #.# #
.....##.###### .# #
........# # ## ####
#.##$#### #...###..)
.# .# .........#


You could see a worker ant.

Vanquished Creatures
  2 adders (D:4)
  2 giant geckos (D:4)
  An orc (D:4)
  A goblin (D:2)
  A hobgoblin (D:2)
  A quokka (D:3)
  A giant newt (D:4)
  A kobold (D:3)
10 creatures vanquished.

Vanquished Creatures (collateral kills)
  A quokka skeleton (D:4)
1 creature vanquished.

Grand Total: 11 creatures vanquished

Notes
Turn   | Place    | Note
--------------------------------------------------------------
     0 | D:1      | M4edhros the Octopode Necromancer began the quest for the Orb.
     0 | D:1      | Reached XP level 1. HP: 11/11 MP: 3/3
     0 | D:1      | !!!!: once again unlucky last game, now its time to win this game
     5 | D:1      | !!!book, 4,5 turns amulet of faith
    16 | D:1      | now, fast, chei!!!
    86 | D:2      | Learned a level 1 spell: Animate Skeleton
   203 | D:4      | Noticed a scorpion
   231 | D:4      | Reached XP level 2. HP: 12/17 MP: 3/5
   425 | D:4      | Reached XP level 3. HP: 8/21 MP: 1/6
   430 | D:4      | Learned a level 3 spell: Regeneration
   518 | D:4      | Slain by a worker ant

Action                   || total
-------------------------++-------
Melee: Unarmed           ||    16
       Constrict         ||     4
       Tentacles         ||     1
 Cast: Pain              ||    16
       Animate Skeleton  ||     4
       Regeneration      ||     2
  Use: Potion            ||     2
Armor: Skin              ||     2
Dodge: Dodged            ||    10
